 Dungeon Crawl Stone Soup version 0.31-a0-765-g67fe2935dc (webtiles) character file.

Game seed: 18420699007471200407

422 quakins the Ruffian (level 6, 0/81 HPs)
             Began as a Troll Shapeshifter on Sept 15, 2023.
             Slain by a gnoll
             ... wielding a +0 spear
              (5 damage)
             ... on level 3 of the Dungeon.
             The game lasted 00:03:35 (2564 turns).

quakins the Ruffian (Troll Shapeshifter)            Turns: 2564, Time: 00:03:36

Health: 0/81       AC: 23    Str: 25    XL:     6   Next: 63%
Magic:  5/5        EV:  1    Int:  6    God:
Gold:   187        SH:  0    Dex:  9    Spells: 5/5 levels left

rFire   . .          .
                       - Unarmed
rCold   . . .        (no shield)
rNeg    . . .        a - melded +0 animal skin
rPois   +            (helmet currently unavailable)
rElec   .            (cloak currently unavailable)
rCorr   .            (gloves unavailable)
SInv    .            (boots unavailable)
Will    .....        (no amulet)
Stlth   +            (no ring)
HPRegen 1.13/turn    (no ring)
MPRegen 0.09/turn

%: no passive effects
@: tree-form
A: stationary, stasis, torment immunity, boosted hp, large, unfitting armour,
(claws 3), regeneration 1, (shaggy fur 1), (tough skin 1)
a: no special abilities


You were on level 3 of the Dungeon.
You were a tree.
You visited 1 branch of the dungeon, and saw 3 of its levels.

You collected 187 gold pieces.

Inventory:

Missiles
 n - a throwing net
Armour
 a - a +0 animal skin (melded)
Talismans
 c - a beast talisman
 d - a flux talisman
 m - a maw talisman
Scrolls
 h - a scroll of silence {unknown}
 i - a scroll of noise {unknown}
 j - a scroll of acquirement {unknown}
 l - a scroll of identify {unknown}
 p - a scroll of teleportation {unknown}
Potions
 b - 2 potions of lignification
 e - a potion of attraction {unknown}
 f - 2 potions of brilliance {unknown}
 g - 2 potions of curing {unknown}
 k - a potion of haste {unknown}
 o - a potion of heal wounds {unknown}
 q - a potion of invisibility {unknown}


   Skills:
 - Level 0.7 Fighting
 - Level 1.5 Dodging
 - Level 6.0 Unarmed Combat
 + Level 5.1 Shapeshifting


You had 5 spell levels left.
You didn't know any spells.
Your spell library contained the following spells:

 Spells                   Type           Power      Damage    Failure   Level
 Lesser Beckoning         Tloc           0%         N/A       58%         2
 Gell's Gravitas          Tloc           0%         N/A       83%         3
 Ignite Poison            Fire/Tmut/Pois 0%         N/A       83%         3
 Teleport Other           Tloc           0%         N/A       83%         3
 Sticky Flame             Conj/Fire      0%         2d3       99%         4
 Ignition                 Fire           0%         3d3       100%        8


Dungeon Overview and Level Annotations

Branches:
Dungeon (3/15)

Altars:
Makhleb


Innate Abilities, Weirdness & Mutations

You are a tree.
Your roots penetrate the ground, keeping you stationary.
You cannot be teleported.
You are immune to unholy pain and torment.
Your maximum health is greatly increased.
Your equipment is partially melded.
You are too large for most types of armour.
((You have claws for hands.))
Your natural rate of healing is unusually fast.
((You are covered in fur. (AC +1)))
((You have tough skin. (AC +1)))


Message History

You barely miss the orc. The orc barely misses you.
The gnoll hits you from afar with a +0 spear.
You scratch the orc but do no damage. Your claw misses the orc.
The orc completely misses you. The gnoll hits you but does no damage.
You closely miss the gnoll. The gnoll closely misses you.
The orc hits you with a +0 whip. The gnoll closely misses you.
The gnoll misses you.
You barely miss the gnoll. The gnoll barely misses you.
You closely miss the gnoll. The orc hits you with a +0 whip.
The gnoll hits you from afar with a +0 spear.
The gnoll closely misses you. The gnoll barely misses you.
You scratch the gnoll. You claw the gnoll!
You kill the gnoll!
The orc hits you with a +0 whip.
The gnoll hits you from afar with a +0 spear.
The gnoll hits you but does no damage.
You scratch the orc.
The orc is moderately wounded.
The gnoll hits you from afar with a +0 spear.
The orc hits you with a +0 whip. The gnoll closely misses you.
You claw the orc!
You kill the orc!
The gnoll hits you but does no damage.
The gnoll hits you from afar with a +0 spear.
The gnoll hits you with a +0 spear. The gnoll hits you with a +0 spear!
* * * LOW HITPOINT WARNING * * *
Items here: $ )) [.
You scratch the gnoll.
The gnoll is lightly wounded.
The gnoll hits you with a +0 spear!
* * * LOW HITPOINT WARNING * * *
The gnoll hits you but does no damage.
Your transformation has ended.
You turn into a tree.
Your +0 animal skin melds into your body.
Your roots penetrate the ground.
The gnoll hits you but does no damage. x2
You smack the gnoll!
You kill the gnoll!
The gnoll hits you with a +0 spear.
You die...

#....≈≈#####~≈~~~~~~≈~≈~....~≈)))
#....~≈#.go#..........)).).......
#...P~≈#...#############''''#####
#....~≈###'#.. #..).#
#....~~~.#.... #....# #....~≈~.#
#... #..).#
#....~≈~.#.##''#########.)..#####
#.P..~≈≈.#.....g.......#..).#....
#....~~~.#!....)♣).#8..'....'....
#....~≈≈.#.##''##..#8..'....'....
#....~≈≈.# #.. #......#8..8#....
#....~≈≈.#... #################
#....~≈###'#
#....≈≈#...######################
#....~≈#...#.....................
#....≈≈#####~~~~≈~~~~~~≈~~≈≈~≈~~≈
#....~≈≈≈≈≈≈≈≈≈≈≈≈≈≈≈~≈≈≈~≈≈≈≈≈≈≈


You could see a gnoll.

Vanquished Creatures
  A gnoll sergeant (D:3)
  3 howler monkeys (D:3)
  A hound (D:3)
  12 gnolls (D:3)
  3 adders (D:2)
  2 worms
  A dart slug (D:3)
  11 orcs (D:3)
  6 ball pythons
  6 bats
  5 endoplasms
  3 giant cockroaches (D:1)
  3 goblins
  3 hobgoblins
  10 jackals
  2 frilled lizards
  5 kobolds
  3 rats
80 creatures vanquished.

Notes
Turn   | Place    | Note
-------+----------+-------------------------------------------
     0 | D:1      | quakins the Troll Shapeshifter began the quest for the Orb.
     0 | D:1      | Reached XP level 1. HP: 18/18 MP: 0/0
   319 | D:1      | Reached XP level 2. HP: 26/26 MP: 1/1
   512 | D:1      | Found a faded altar of an unknown god.
  1070 | D:2      | Reached skill level 4 in Unarmed Combat
  1078 | D:2      | Reached XP level 3. HP: 32/32 MP: 2/2
  1571 | D:2      | Found a burning altar of Makhleb.
  1809 | D:3      | Reached skill level 5 in Unarmed Combat
  1809 | D:3      | Reached XP level 4. HP: 40/40 MP: 3/3
  2052 | D:3      | Reached XP level 5. HP: 41/46 MP: 4/4
  2054 | D:3      | Reached skill level 6 in Unarmed Combat
  2399 | D:3      | Reached XP level 6. HP: 49/54 MP: 5/5
  2531 | D:3      | Reached skill level 5 in Shapeshifting
  2562 | D:3      | HP: 2/54 [gnoll/+0 spear (9)]
  2564 | D:3      | Slain by a gnoll

Illustrated notes

Levels and vault maps discovered:
D:1:      dpeg_arrival_refuge, layout_basic, ebering_ecumenical_altar_mist
D:2:      layout_loops_ring, basic_altar, hangedman_decor_growths,
          serial_park_tiny_1, nicolae_the_louvre
D:3:      lemuel_castle_with_subvaults [lemuel_castle_interior_carwin_2],
          layout_basic, overflow_temple_1_default, ebering_ghost_rock_garden

Skill      XL: |  1  2  3  4  5  6 |
---------------+-------------------+-----
Unarmed Combat | 4 5 6 |  6.0
Shapeshifting  | 4 5 |  5.1
Fighting       | |  0.7
Dodging        | |  1.5

Action                     |  1- 3 |  4- 6 || total
---------------------------+-------+-------++-------
  Melee: Unarmed           |    75 |   116 ||   191
         Punch             |     2 |     5 ||     7
    Use: Potion            |       |     1 ||     1
   Stab: Sleeping          |     3 |       ||     3
 Armour: Animal skin       |    45 |   106 ||   151
         Skin              |       |     3 ||     3
  Dodge: Dodged            |    31 |    54 ||    85

Table legend: (Time is in decaauts)
 A = Elapsed time spent in this place.
 B = Non-inter-level travel time spent in this place.
 C = Inter-level travel time spent in this place.
 D = Time resting spent in this place.
 E = Time spent auto-exploring this place.
 F = Levels seen in this place.
 G = Mean time per level.
                   A        B        C        D        E       F      G
               +--------+--------+--------+--------+--------+-----+--------+
         Total |   2545 |   2269 |    276 |    121 |   1637 |   3 |  848.3 |
       Dungeon |   2545 |   2269 |    276 |    121 |   1637 |   3 |  848.3 |
               +--------+--------+--------+--------+--------+-----+--------+

Top non-repeatable levels by time:
     D:1: 1061 daAuts
     D:2: 885 daAuts
     D:3: 599 daAuts
